 Dungeon Crawl Stone Soup version 0.31.0-12-g77e489cdc1 (webtiles) character file.

Game seed: 4217761967077922036

255 PriceMaster the Sneak (level 5, -1/25 HPs)
             Began as a Spriggan Enchanter on Mar 3, 2024.
             Was an Initiate of Gozag.
             Slain by KennySheep's ghost (3 damage)
             ... on level 4 of the Dungeon.
             The game lasted 00:09:28 (4532 turns).

PriceMaster the Sneak (Spriggan Enchanter)          Turns: 4532, Time: 00:09:29

Health: -1/25      AC:  7    Str:  4    XL:     5   Next: 91%
Magic:  0/12       EV: 19    Int: 16    God:    Gozag
Gold:   101        SH:  0    Dex: 20    Spells: 2/12 levels left

rFire   . . .        n - +2 dagger (venom)
rCold   . . .        (no shield)
rNeg    . . .        b - +0 robe
rPois   .            (helmet restricted)
rElec   .            l - +0 cloak
rCorr   .            (gloves unavailable)
SInv    +            (boots unavailable)
Will    .....        (no amulet)
Stlth   +++++        k - +4 ring of protection
HPRegen 0.24/turn    (no ring)
MPRegen 0.13/turn

%: no passive effects
@: confusing by touch, hasted, invisible, very quick
A: very small, no large weapons, unfitting armour, see invisible, speed 3, claws
1, thin skeletal structure 1
a: Renounce Religion, Potion Petition, Call Merchant, Bribe Branch


You were on level 4 of the Dungeon.
You worshipped Gozag.
Gozag was aware of your devotion.
You visited 1 branch of the dungeon, and saw 4 of its levels.

You collected 492 gold pieces.
You paid 391 gold pieces to Gozag.

Inventory:

Hand Weapons
 a - a +1 dagger
 d - a +1 whip of electrocution
 n - a +2 dagger of venom (weapon)
Armour
 b - a +0 robe (worn)
 l - a +0 cloak (worn)
Jewellery
 k - a +4 ring of protection (left claw)
Wands
 r - a wand of flame (28)
Scrolls
 g - a scroll of identify
 h - a scroll of teleportation
 u - a scroll of fog {unknown}
Potions
 e - a potion of curing
 f - 2 potions of cancellation
 j - a potion of ambrosia {unknown}
 m - a potion of heal wounds {unknown}
 o - 2 potions of might {unknown}
 p - a potion of brilliance {unknown}
 q - a potion of attraction {unknown}
 t - a potion of magic {unknown}


   Skills:
 + Level 0.5 Fighting
 - Level 1.1 Short Blades
 + Level 1.1 Maces & Flails
 * Level 4.1 Dodging
 * Level 6.5 Stealth
 * Level 4.4 Spellcasting
 + Level 4.7 Hexes


You had 2 spell levels left.
You knew the following spells:

 Your Spells              Type           Power      Damage    Failure   Level
a - Slow                  Hex            72%        N/A       2%          1
b - Sigil of Binding      Hex            18%        N/A       7%          3
c - Tukima's Dance        Hex            18%        N/A       7%          3
d - Confusing Touch       Hex            18%        N/A       7%          3

Your spell library contained the following spells:

 Spells                   Type           Power      Damage    Failure   Level
 Ensorcelled Hibernation  Hex/Ice        22%        N/A       10%         2
 Magic Dart               Conj           12%        1d3       16%         1
 Blink                    Tloc           6%         N/A       24%         2
 Call Imp                 Summ           6%         N/A       24%         2
 Dazzling Flash           Conj/Hex       22%        N/A       19%         3
 Vampiric Draining        Necr           3%         2d6       43%         3
 Alistair's Intoxication  Alch           2%         N/A       99%         5
 Borgnjor's Vile Clutch   Necr/Erth      1%         N/A       99%         5
 Eringya's Noxious Bog    Alch           1%         4d6       100%        6


Dungeon Overview and Level Annotations

Branches:
Dungeon (4/15)
 Temple: D:4-7

Altars:
Gozag
Ru

Annotations:
D:4 Gadfly's ghost, amateur GrFi; Gadfly's ghost, novice DsMo; KennySheep's ghost, novice HOMo; seawaffle's ghost, amateur GrFi


Innate Abilities, Weirdness & Mutations

You are very small and have problems with some larger weapons.
You are too small for most types of armour.
You have supernaturally acute eyesight. (SInv)
You cover ground extremely quickly. (Speed+++)
You have sharp fingernails.
You have a somewhat thin skeletal structure. (Dex +2, Stealth+)


Message History

Press: ? - help, Shift-Dir - straight line, f - Gadfly's ghost
Aim: Gadfly's ghost (bound in place, not susceptible) Gadfly's ghost easily resists.
Casting: Tukima's Dance (quite dangerous; 7% risk of failure)
Confirm with . or Enter, or press ? or * to list all spells.
You don't have enough magic to cast this spell.
Gadfly's ghost hits you!
* * * LOW HITPOINT WARNING * * *
You hit Gadfly's ghost but do no damage.
Your kick misses Gadfly's ghost. Gadfly's ghost barely misses you.
Okay, then.
You fade into invisibility!
Gadfly's ghost's lost momentum returns!
You feel yourself speed up.
KennySheep's ghost seems less confused.
You feel extremely strange.
You no longer become unable to read scrolls after taking damage.
Your talons dull and shrink into feet.
Your bones become slightly less dense.
Large bone plates grow over parts of your arms.
Your large bone plates disappear.
Your fingernails lengthen.
You catch the helpless Gadfly's ghost completely off-guard!
You hit Gadfly's ghost.
Gadfly's ghost is lightly damaged.
Gadfly's ghost closely misses you.
You hit Gadfly's ghost but do no damage.
Gadfly's ghost is lightly damaged.
Casting: Tukima's Dance (quite dangerous; 7% risk of failure)
Confirm with . or Enter, or press ? or * to list all spells.
Your claws begin to glow red.
You barely miss Gadfly's ghost.
Gadfly's ghost is lightly damaged.
KennySheep's ghost is no longer moving quickly.
Casting: Confusing Touch (quite dangerous; 7% risk of failure)
Confirm with . or Enter, or press ? or * to list all spells.
You don't have enough magic to cast this spell.
Gadfly's ghost turns its malevolent gaze towards you.
Gadfly's ghost hits you.
* * * LOW HITPOINT WARNING * * *
KennySheep's ghost hits you.
You die...
Your body crumbles into a pile of gold.

# #.##.# #.......##.# # #.##.#
##########.# # #.##.# #.#
#######.##.## ######### #.#
^...W.......# ##.......###.#
............########...##........
#######..............#...######..
#####.########>..#.#$8$.##.
#.##..@W^...#..#....8##
#......W.......#.....$#
####.######....'......# #.#
#....'.....⌠# #.# #.#..'......#
######## #.# #.#..#.....)#
.......# #.# #....#....8#
######.# #.# #.##.#$8$:## #.# #.#
#.##.########


You could see Gadfly's ghost (swift, unable to see you) and KennySheep's ghost
(unable to see you).

Vanquished Creatures
  A scorpion (D:4)
  4 gnolls (D:3)
  6 adders
  2 dart slugs
  2 ribbon worms
  8 bats
  13 endoplasms
  8 giant cockroaches
  6 goblins
  7 hobgoblins
  4 kobolds
  6 quokkas
  10 ball pythons
  5 frilled lizards
  7 rats
89 creatures vanquished.

Vanquished Creatures (collateral kills)
  A kobold (D:2)
1 creature vanquished.

Grand Total: 90 creatures vanquished

Notes
Turn   | Place    | Note
-------+----------+-------------------------------------------
     0 | D:1      | PriceMaster the Spriggan Enchanter began the quest for the
                  | Orb.
     0 | D:1      | Reached XP level 1. HP: 9/9 MP: 5/5
   240 | D:1      | Reached skill level 5 in Stealth
   240 | D:1      | Reached XP level 2. HP: 8/13 MP: 6/6
   561 | D:1      | Learned a level 1 spell: Slow
  1177 | D:1      | Reached XP level 3. HP: 13/16 MP: 8/8
  1181 | D:1      | Learned a level 3 spell: Sigil of Binding
  1223 | D:1      | Learned a level 3 spell: Tukima's Dance
  1529 | D:2      | Found a faded altar of an unknown god.
  1537 | D:2      | Prayed at the altar of an unknown god.
  1537 | D:2      | Became a worshipper of Gozag Ym Sagoz the Greedy
  1681 | D:2      | Reached XP level 4. HP: 15/21 MP: 1/10
  1808 | D:2      | Gained mutation: You occasionally lose the ability to read
                  | scrolls when taking damage. [potion of mutation]
  1808 | D:2      | Gained mutation: You have sharp toenails. [potion of
                  | mutation]
  2469 | D:3      | Reached skill level 1 in Maces & Flails
  2981 | D:3      | Reached XP level 5. HP: 20/24 MP: 10/12
  3604 | D:4      | Found a sacrificial altar of Ru.
  3644 | D:4      | Reached skill level 6 in Stealth
  3723 | D:4      | Found a runed translucent gate.
  3723 | D:4      | Found a runed translucent gate.
  3723 | D:4      | Found a runed translucent gate.
  3725 | D:4      | Noticed Gadfly's ghost (amateur GrFi)
  3725 | D:4      | Noticed KennySheep's ghost (novice HOMo)
  3735 | D:4      | Noticed Gadfly's ghost (novice DsMo)
  3737 | D:4      | Noticed seawaffle's ghost (amateur GrFi)
  3884 | D:4      | Found an opulent altar of Gozag.
  4459 | D:4      | Learned a level 3 spell: Confusing Touch
  4526 | D:4      | Lost mutation: You occasionally lose the ability to read
                  | scrolls when taking damage. [potion of mutation]
  4526 | D:4      | Lost mutation: You have sharp toenails. [potion of
                  | mutation]
  4526 | D:4      | Gained mutation: You have a somewhat thin skeletal
                  | structure. (Dex +2, Stealth+) [potion of mutation]
  4526 | D:4      | Gained mutation: You are partially covered in large bone
                  | plates. (SH +4) [potion of mutation]
  4526 | D:4      | Lost mutation: You are partially covered in large bone
                  | plates. (SH +4) [potion of mutation]
  4526 | D:4      | Gained mutation: You have sharp fingernails. [potion of
                  | mutation]
  4532 | D:4      | Slain by KennySheep's ghost

Illustrated notes

Levels and vault maps discovered:
D:1:      spicycebolla_arrival_xxxplode, layout_basic
D:2:      layout_loops_ring, ebering_ecumenical_altar_hall, eino_tiny_chamber,
          nicolae_concentric_dashed_squares_wild, grunt_ministairs_11
D:3:      layout_basic, minmay_misc_feat_cross
D:4:      layout_loops_ring, mainiacjoe_overflow_concentric_impassable,
          lemuel_round_altar, gammafunk_ghost_cemetery, minivault_24

Skill      XL: |  1  2  3  4  5 |
---------------+----------------+-----
Stealth        | 5 6 |  6.5
Spellcasting   | 3 4 |  4.4
Dodging        | 3 4 |  4.1
Hexes          | 4 |  4.7
Maces & Flails | 1 |  1.1
Fighting       | |  0.5
Short Blades   | |  1.1

Action                     |  1- 3 |  4- 6 || total
---------------------------+-------+-------++-------
  Melee: Whip              |   126 |    25 ||   151
         Dagger            |       |   100 ||   100
         Kick              |       |    27 ||    27
   Cast: Slow              |    22 |    16 ||    38
         Sigil of Binding  |     4 |    10 ||    14
         Tukima's Dance    |     2 |     1 ||     3
         Confusing Touch   |       |     2 ||     2
 Invoke: Potion Petition   |       |     1 ||     1
    Use: Potion            |     1 |     4 ||     5
         Scroll            |       |     7 ||     7
   Stab: Sleeping          |     7 |    14 ||    21
         Distracted        |       |     2 ||     2
         Invisible         |       |     1 ||     1
 Armour: Robe              |    45 |    30 ||    75
         Skin              |       |     1 ||     1
  Dodge: Dodged            |    93 |    80 ||   173
